 Dungeon Crawl Stone Soup version 0.28.0-45-g0d030f2227 (webtiles) character file.

Game seed: 10079042614798126725

4 Descartes the Bolt Thrower (level 1, 0/12 HPs)
             Began as a Deep Elf Wanderer on Apr 1, 2022.
             Slain by a quokka (4 damage)
             ... on level 1 of the Dungeon.
             The game lasted 00:00:47 (369 turns).

Descartes the Bolt Thrower (Deep Elf Wanderer)       Turns: 369, Time: 00:00:48

Health: 0/12       AC:  3    Str:  7    XL:     1   Next: 58%
Magic:  4/4        EV: 12    Int: 14    God:
Gold:   22         SH:  0    Dex: 18    Spells: 2/2 levels left

rFire   . . .      SeeInvis .   b - +0 quarterstaff
rCold   . . .      Faith    .   (shield currently unavailable)
rNeg    . . .      Spirit   .   e - +0 robe
rPois   .          Reflect  .   (no helmet)
rElec   .          Harm     .   (no cloak)
rCorr   .          Rampage  .   d - +0 pair of gloves
Will    .....                   (no boots)
Stlth   ++........              (no amulet)
HPRegen 0.04/turn               (no ring)
MPRegen 0.09/turn               (no ring)

@: no status effects
A: no striking features
a: no special abilities


You were on level 1 of the Dungeon.
You visited 1 branch of the dungeon, and saw 1 of its levels.

You collected 22 gold pieces.

Inventory:

Hand Weapons
 a - a +2 hand crossbow
 b - a +0 quarterstaff (weapon)
Missiles
 c - 40 bolts
Armour
 d - a +0 pair of gloves (worn)
 e - a +0 robe (worn)
Jewellery
 f - a ring of poison resistance
Scrolls
 g - a scroll of enchant armour {unknown}


   Skills:
 - Level 1.5 Fighting
 + Level 1.3 Staves
 - Level 3.6 Crossbows
 - Level 1.0 Armour
 - Level 1.2 Dodging
 + Level 1.1 Spellcasting
 - Level 1.1 Evocations


You had 2 spell levels left.
You didn't know any spells.
Your spell library was empty.

Dungeon Overview and Level Annotations

Branches:
Dungeon (1/15)

Altars:


Message History

Found a robe.
You now have 12 gold pieces.
You now have 22 gold pieces (gained 10).
Found a stone staircase leading down.
A kobold comes into view. It is wielding a +0 short sword.
The kobold shouts!
You hit the kobold.
The kobold is moderately wounded.
The kobold hits you with a +0 short sword.
You barely miss the kobold.
The kobold is moderately wounded.
The kobold hits you with a +0 short sword.
You closely miss the kobold.
The kobold is moderately wounded.
The kobold hits you with a +0 short sword.
You are too injured to fight recklessly!
You hit the kobold.
The kobold is severely wounded.
The kobold barely misses you. The kobold closely misses you.
You completely miss the kobold.
The kobold is severely wounded.
The kobold closely misses you.
You sock the kobold!
You kill the kobold!
Your Spellcasting skill increases to level 1!
You see here a +0 short sword.
You see here a +0 short sword.
A quokka comes into view.
No target in view!
No target in view!
The quokka barely misses you.
You completely miss the quokka. The quokka bites you.
The quokka closely misses you.
You hit the quokka.
The quokka is severely wounded.
The quokka barely misses you.
You hit the quokka but do no damage.
The quokka is severely wounded.
The quokka bites you. x2
You die...

#..... #...... #...... #.....####
### #......#.## # ####.#
#.........#.## ##.#...
#..!.........## ##......
#......@r.....# #.......
#.......#....## ##....#.
##############.####....###..)....
..........##......##....#....###.
#+#'#.8.8.##...........###..###..
#.<.#..8..##......##....#..####.#
#####.8.8.#.......# ####### #..#
..........#.......### ##.##
⌠...⌠...###.........### #..#


You could see a quokka.

Vanquished Creatures
  2 jackals (D:1)
  A kobold (D:1)
  A bat (D:1)
4 creatures vanquished.

Notes
Turn   | Place    | Note
-------+----------+-------------------------------------------
     0 | D:1      | Descartes the Deep Elf Wanderer began the quest for the
                  | Orb.
     0 | D:1      | Descartes set off with the following items: a +2 hand
                  | crossbow, 25 bolts, a +0 quarterstaff, a +0 pair of gloves,
                  | a +0 robe
     0 | D:1      | Reached XP level 1. HP: 12/12 MP: 3/3
   163 | D:1      | Reached skill level 1 in Spellcasting
   369 | D:1      | Slain by a quokka

Illustrated notes

Levels and vault maps discovered:
D:1:      ncdulo_halloftheorcs, layout_rooms, chequers_ecumenical_altar_twisty,
          serial_shops, shop, nicolae_figureground_sparkle

Skill      XL: |  1 |
---------------+----+-----
Spellcasting   | 1 |  1.1
Fighting       | |  1.5
Staves         | |  1.3
Crossbows      | |  3.6
Armour         | |  1.0
Dodging        | |  1.2
Evocations     | |  1.1

Action                   || total
-------------------------++-------
Melee: Quarterstaff      ||    15
 Fire: Hand crossbow     ||     1
Armor: Robe              ||     2
Dodge: Dodged            ||    10
